[Event "Early-Titled-Tuesday-Blitz-May-07-2024"]
[Site "Chess.com"]
[Date "2024.05.07"]
[Round "7"]
[White "Smiechu"]
[Black "wild3000"]
[Result "1-0"]
[WhiteElo "2398"]
[BlackElo "2508"]
[TimeControl "180+1"]
[EndTime "9:22:51 PDT"]
[Termination "Smiechu won by resignation"]

1. e4 a6 2. d4 e6 3. Nc3 b5 4. Nf3 Bb7 5. Bd3 Nf6 6. Qe2 c5 7. dxc5 Bxc5 8. Be3 Bxe3 9. Qxe3 O-O 10. O-O-O b4 11.
Ne2 d5 12. e5 Nfd7 13. Ng5 h6 14. h4 Nc6 15. f4 Qb6 16. Qd2 a5 17. g4 a4 18. Nh7 b3 19. a3 bxc2 20. Bxc2 Ba6 21. Nxf8 Kxf8 22. Nd4 Na5 23. Qb4+ Qxb4 24. axb4 Nc4 25.
Bxa4 Ndb6 26. Bc6 Rb8 27. b5 Bc8 28. b3 Ne3 29. Rd2 Nxg4 30. Ra2 h5 31. Ra7 Nh6 32.
Kd2 Ng4 33. Rc1 Nf2 34. Ke3 Ng4+ 35. Kf3 f6 36. exf6 Nxf6 37. Re1 Ne4 38. Rxe4 dxe4+ 39. Kxe4 Nd5 40. Bxd5 exd5+ 41. Kxd5 Bh3 42. Kc5 Rc8+ 43. Nc6 Bg2 44. Kd6 Bf3 45. Rc7 Re8 46. b6 Re3 47. b7 Rd3+ 48. Ke5 Re3+ 49. Kd4 Re4+ 50. Kd3 Re8 51.
b8=Q Be4+ 52. Kd4 Rxb8 53. Nxb8 Bf5 54. Ke5 g6 55. Nc6 Ke8 56. Nd4 Bb1 57. b4 Kd8 58.
Rg7 Kc8 59. b5 Kb8 60. b6 Bd3 61. Nc6+ 1-0

[Event "Early-Titled-Tuesday-Blitz-May-07-2024"]
[Site "Chess.com"]
[Date "2024.05.07"]
[Round "7"]
[White "Artemiki"]
[Black "Yeritsyaan"]
[Result "0-1"]
[WhiteElo "2497"]
[BlackElo "2719"]
[TimeControl "180+1"]
[EndTime "9:22:52 PDT"]
[Termination "Yeritsyaan won on time"]

1. e4 g6 2. d4 Bg7 3. Nc3 c6 4. f4 d5 5. e5 Nh6 6. Nf3 Bg4 7. h3 Bxf3 8. Qxf3 Nf5 9. Ne2 e6 10. g4 Nh4 11. Qg3 h5 12. Be3 Nd7 13. Bf2 Qb6 14.
O-O-O g5 15. fxg5 Ng6 16. gxh5 Rxh5 17. h4 O-O-O 18. Qf3 Rh7 19. Qxf7 Ndf8 20. h5 Bh6 21. Qf6 Bg7 22. Qf3 Ne7 23. g6 Rh8 24. Bh4 Re8 25. Bf6 Bh6+ 26. Kb1 Rg8 27. Bh3 Kb8 28. Rhg1 Nf5 29.
Bxf5 exf5 30. Nf4 Nd7 31. g7 Qb4 32. c3 Qa4 33. b3 Qa5 34. Kb2 Nb6 35. Rg6 Bxf4 36. Qxf4 Qb5 37. e6+ Ka8 38. e7 Nc4+ 39. Ka1 Na3 40. Rg2 Qa5 41. Qe3 Nb5 42. Qd2 Nxc3 43.
h6 Qb5 44. h7 Ne4 45. Qe2 Qb4 46. Qe1 Qa3 47. hxg8=Q Rxg8 48. Rc1 Nxf6 49. Qe5 Ne8 0-1

[Event "Early-Titled-Tuesday-Blitz-May-07-2024"]
[Site "Chess.com"]
[Date "2024.05.07"]
[Round "7"]
[White "CruzWilliam"]
[Black "JosefineHeinemann"]
[Result "1-0"]
[WhiteElo "2413"]
[BlackElo "2517"]
[TimeControl "180+1"]
[EndTime "9:22:52 PDT"]
[Termination "CruzWilliam won on time"]

1. d4 Nf6 2. c4 e6 3. Nc3 d5 4.
cxd5 Nxd5 5. e4 Nxc3 6. bxc3 c5 7. Nf3 cxd4 8. cxd4 Bb4+ 9. Bd2 Bxd2+ 10. Qxd2 O-O 11. Bb5 a6 12. Be2 b5 13. O-O Bb7 14. Qe3 Nc6 15.
Rad1 Qd6 16. Rfe1 Rfd8 17. d5 exd5 18. Rxd5 Qe7 19. Red1 h6 20. Rxd8+ Rxd8 21. Rxd8+ Qxd8 22. h4 b4 23. e5 Qd5 24. Qb3 Qxb3 25. axb3 a5 26. Bc4 Kf8 27. Kf1 Ke7 28. Ke2 Nb8 29. Nd4 g6 30. f3 Nd7 31. e6 fxe6 32. Nxe6 Bc6 33. Nd4 Bb7 34. Bd3 Ne5 35. Bc2 Kf6 36.
Ke3 Bd5 37. g4 g5 38. h5 Nc6 39. Nf5 Ne5 40. Bd1 Nf7 41. Kd4 Be6 42. Ne3 Ne5 43.
Kc5 Nd3+ 44. Kb5 Nb2 45. Bc2 Bd7+ 46. Kxa5 Bc6 47. Be4 Bxe4 48. fxe4 Nd3 49. Nf5 Ke5 50. Nxh6 Kxe4 51. Nf7 Kf3 52. h6 Nf4 53. Nxg5+ Kxg4 54. h7 Ng6 55. Ne6 Kf5 56. Nf8 Nh8 57. Kxb4 Kf6 58.
Kc5 Kg7 59. b4 Kxf8 60. b5 Ke7 61. Kc6 Kd8 62. Kb7 Nf7 63. Ka7 1-0

[Event "Early-Titled-Tuesday-Blitz-May-07-2024"]
[Site "Chess.com"]
[Date "2024.05.07"]
[Round "7"]
[White "EvgenyBurmakin"]
[Black "WiseKing_08"]
[Result "0-1"]
[WhiteElo "2338"]
[BlackElo "2591"]
[TimeControl "180+1"]
[EndTime "9:22:55 PDT"]
[Termination "WiseKing_08 won by resignation"]

1. e4 c6 2. Nc3 d5 3. Nf3 Bg4 4. d4 e6 5. Bd3 Nf6 6. h3 Bxf3 7. Qxf3 dxe4 8. Nxe4 Qxd4 9. O-O Be7 10. c3 Qd8 11. Rd1 Nbd7 12. Bf4 O-O 13. Nxf6+ Bxf6 14. Bc2 g6 15. Rd2 Qc8 16. Rad1 Rd8 17. Bh6 Bg7 18.
Bg5 f6 19. Bh4 Qc7 20. Bb3 Nc5 21. Bxf6 Rxd2 22. Rxd2 Nxb3 23. axb3 Rf8 24. Qe3 Rxf6 25. Qxa7 Rf8 26. Qe3 Re8 27. b4 b5 28. Qc5 Bf8 29. Qd4 e5 30. Qe3 e4 31. h4 Qe5 32.
Qa7 Re7 33. Qa8 Qe6 34. Rd8 Rf7 35. Re8 Qf5 36. Qxc6 Qxf2+ 37. Kh2 Qxh4+ 38. Kg1 Qe1+ 39. Kh2 e3 40. Qe6 Qh4+ 41. Kg1 e2 42. Qxe2 Kg7 43. Qe5+ Qf6 44. Qe2 Qb6+ 45. Kh2 Bd6+ 46. Kh3 Rf5 47. Re7+ Bxe7 48. Qxe7+ Rf7 49. Qe5+ Rf6 50. Qe7+ Kh6 51. Qe5 Qe6+ 52. Qxe6 Rxe6 53. Kg3 Re2 54. Kf3 Rxb2 55. Ke3 Rxg2 56. Kd4 Rg4+ 57. Kc5 Rc4+ 58. Kxb5 Rxc3 59. Ka5 Rb3 60. b5 g5 61. b6 g4 0-1

[Event "Early-Titled-Tuesday-Blitz-May-07-2024"]
[Site "Chess.com"]
[Date "2024.05.07"]
[Round "7"]
[White "stepanosinovsky"]
[Black "nuadvaga"]
[Result "0-1"]
[WhiteElo "2301"]
[BlackElo "2160"]
[TimeControl "180+1"]
[EndTime "9:22:55 PDT"]
[Termination "nuadvaga won on time"]

1. e4 e5 2. Nf3 Nc6 3. Bb5 f5 4. d3 a6 5. Ba4 Bc5 6. O-O fxe4 7.
dxe4 d6 8. Nc3 Nf6 9. Bg5 Bg4 10. h3 Bh5 11. Nd5 O-O 12. c3 Kh8 13. b4 Ba7 14.
Qd3 Bxf3 15. Qxf3 Nxd5 16. Bxd8 Rxf3 17. exd5 Rxf2 18. Bxc7 Rf7+ 19. Kh1 Rxc7 20. dxc6 bxc6 21. c4 Rb8 22. a3 Bd4 23. Rad1 g6 24. g3 Kg7 25.
Kg2 a5 26. b5 cxb5 27. Bxb5 d5 28. a4 dxc4 29. Rc1 c3 30. Rc2 Rf8 31. Rxf8 Kxf8 32.
Kf3 Ke7 33. Ke4 Kd6 34. Rc1 Rf7 35. Bd3 Rf2 36. Rb1 Rg2 37. Kf3 Rd2 38. Ke4 Rh2 39.
h4 h6 40. Rb8 g5 41. hxg5 hxg5 42. Rc8 Rg2 43. Kf3 Ra2 44. Rc4 Kd5 45. Rc8 Rf2+ 46.
Kg4 Rd2 47. Bc4+ Kd6 48. Bb3 Rb2 49. Bg8 Rb4 50. Kxg5 Rxa4 51. Kf5 Ra1 52. g4 Rf1+ 53. Ke4 Rf2 54. g5 Rg2 0-1

[Event "Early-Titled-Tuesday-Blitz-May-07-2024"]
[Site "Chess.com"]
[Date "2024.05.07"]
[Round "7"]
[White "Tsyhanchuk_Stanislav"]
[Black "GMT4114"]
[Result "0-1"]
[WhiteElo "2290"]
[BlackElo "1990"]
[TimeControl "180+1"]
[EndTime "9:22:56 PDT"]
[Termination "GMT4114 won by checkmate"]

1. e4 e6 2. d4 d5 3. Nc3 Bb4 4. e5 Qd7 5. a3 Bxc3+ 6. bxc3 b6 7. h4 Ba6 8. Bxa6 Nxa6 9. Qg4 f5 10. exf6 Nxf6 11. Qe2 Nb8 12. Bg5 Nc6 13. Nf3 Na5 14. Ne5 Qa4 15. O-O h5 16. Ng6 Rh7 17. Qxe6+ Kd8 18.
Bxf6+ gxf6 19. Qxf6+ Kc8 20. Rfe1 Kb7 21. Nf4 Qc4 22.
Qf5 Rg7 23. Qxd5+ Qxd5 24. Nxd5 Rag8 25. g3 Nc4 26. Re7 Kc6 27. Nb4+ Kd6 28. Rxg7 Rxg7 29.
Re1 Nxa3 30. Ra1 Nb5 31. c4 Nxd4 32. Rd1 Kc5 33. c3 Ne2+ 34. Kf1 Nxc3 35. Nd3+ Kxc4 36. Ne5+ Kb3 37. Rd3 Kc2 38. Re3 a5 39. Nc4 a4 40.
Ke1 a3 41. Nxa3+ Kb3 42. Kd2 Rd7+ 43. Kc1 Kxa3 44. Rxc3+ Kb4 45. Rf3 Rd5 46. Rf7 c5 47. Rh7 c4 48. f4 c3 49. Rb7 b5 50. Kc2 Rd2+ 51. Kc1 Kc4 52. Rc7+ Kb3 53. Rh7 Rg2 54. Rxh5 Rg1# 0-1

[Event "Early-Titled-Tuesday-Blitz-May-07-2024"]
[Site "Chess.com"]
[Date "2024.05.07"]
[Round "7"]
[White "Evan_Attaker"]
[Black "vanyakuba"]
[Result "1/2-1/2"]
[WhiteElo "2628"]
[BlackElo "2438"]
[TimeControl "180+1"]
[EndTime "9:22:57 PDT"]
[Termination "Game drawn by repetition"]

1. Nf3 d5 2. c4 e6 3. g3 c5 4.
cxd5 exd5 5. Bg2 d4 6. O-O Nc6 7. e3 Nf6 8. exd4 cxd4 9. Re1+ Be7 10. d3 O-O 11. Bf4 Nd5 12. Be5 Nxe5 13. Nxe5 Bf6 14.
Nd2 Be6 15. Ndf3 Nb6 16. a3 Qd6 17. Rc1 Rac8 18. h3 Rxc1 19. Qxc1 Rc8 20. Qf4 Nd7 21. Nxd7 Qxd7 22. Ne5 Qd6 23. Re2 Rc5 24. Ng4 Qxf4 25. gxf4 b6 26. Nxf6+ gxf6 27. Re4 Rc2 28. b4 Rc3 29. Rxd4 Rxa3 30. h4 a5 31. bxa5 bxa5 32. Bc6 Bb3 33. Kg2 a4 34. h5 h6 35. Rd8+ Kg7 36. Ra8 Ra1 37. d4 Rd1 38. d5 Bxd5+ 39. Bxd5 Rxd5 40. Rxa4 Rxh5 41. Kg3 Rc5 42. Ra1 Kg6 43.
Ra8 Rc3+ 44. f3 h5 45. Rg8+ Kh6 46. Rh8+ Kg6 47. Rg8+ Kh7 48. Rf8 Kg7 49. Ra8 Rc1 50. Rb8 Kg6 51. Rg8+ Kh7 52. Rf8 Kg7 53. Ra8 Rg1+ 54.
Kf2 Rh1 55. Kg2 Rd1 56. Kg3 Kg6 57. Rg8+ Kf5 58. Rh8 Rg1+ 59. Kf2 Rh1 60. Kg2 Rd1 61.
Kg3 Rg1+ 62. Kf2 Rd1 63. Kg3 1/2-1/2

[Event "Early-Titled-Tuesday-Blitz-May-07-2024"]
[Site "Chess.com"]
[Date "2024.05.07"]
[Round "7"]
[White "BeReal24"]
[Black "Kotlyar_K"]
[Result "1-0"]
[WhiteElo "2498"]
[BlackElo "2649"]
[TimeControl "180+1"]
[EndTime "9:22:59 PDT"]
[Termination "BeReal24 won by checkmate"]

1. c4 e5 2. Nc3 Bb4 3. Nd5 Be7 4. Nf3 d6 5. g3 f5 6. Bg2 Nf6 7. O-O c6 8. Nxf6+ Bxf6 9. d4 e4 10. Nd2 O-O 11. e3 d5 12. cxd5 cxd5 13. b3 Nc6 14. Ba3 Re8 15. Qc2 Be6 16. Rac1 Rc8 17. Qb2 Qd7 18.
Nb1 f4 19. gxf4 Bh3 20. Bxh3 Qxh3 21. Nc3 Qg4+ 22. Kh1 Qf3+ 23. Kg1 Bxd4 24. Qe2 Bxc3 25. Qxf3 exf3 26. Rxc3 d4 27. Rd3 Rcd8 28. Rfd1 dxe3 29. Rxd8 exf2+ 30. Kxf2 Nxd8 31. Kxf3 Nc6 32. Rd7 b6 33. Bb2 Re7 34. Rxe7 Nxe7 35. Ke4 Kf7 36. f5 Nc6 37. a3 Na5 38. b4 Nc4 39. Bc1 Kf6 40. a4 Nd6+ 41. Kd5 Nxf5 42. Kc6 Ke6 43. Kb7 a5 44. b5 Kd5 45. Kxb6 Nd4 46. Bb2 Ne6 47. Kxa5 g5 48. Kb6 Nc5 49. a5 Na4+ 50. Kc7 Kc5 51. a6 Kxb5 52.
a7 Nb6 53. Bd4 Nd5+ 54. Kb7 Kc4 55. a8=Q Kxd4 56. Qh8+ Ke4 57. Qxh7+ Ke5 58. Qg7+ Kf5 59. Qf7+ Nf6 60. Kc6 g4 61. Kd6 Kg5 62. Qe7 Kf5 63. Qe5+ Kg6 64. Ke6 Nh7 65. Qf5+ Kg7 66. Qxg4+ Kh8 67.
Kf7 Ng5+ 68. Qxg5 Kh7 69. Qh5# 1-0

[Event "Early-Titled-Tuesday-Blitz-May-07-2024"]
[Site "Chess.com"]
[Date "2024.05.07"]
[Round "7"]
[White "Njal28"]
[Black "Kirill_Klukin"]
[Result "1-0"]
[WhiteElo "3114"]
[BlackElo "2850"]
[TimeControl "180+1"]
[EndTime "9:23:00 PDT"]
[Termination "Njal28 won on time"]

1. e4 e6 2. d4 d5 3. exd5 exd5 4. Nf3 Nc6 5. Bb5 Bd6 6. c4 dxc4 7. d5 a6 8. Bxc4 b5 9. Bb3 Qe7+ 10. Be3 Na5 11.
O-O Nxb3 12. axb3 Nf6 13. Re1 O-O 14. Bg5 Qd8 15. Nc3 h6 16. Bh4 Bg4 17. h3 Bh5 18. g4 Bg6 19. Nd4 Bc5 20. Nc6 Qd6 21. b4 Bb6 22.
Qf3 Rfe8 23. Bg3 Qf8 24. Bh4 Rxe1+ 25. Rxe1 Re8 26. Rxe8 Qxe8 27. Bxf6 gxf6 28. Qxf6 Qe1+ 29. Kg2 Bd3 30. Ne7+ Kf8 31. d6 cxd6 32. Ncd5 Qf1+ 33. Kh2 Qxf2+ 34. Qxf2 Bxf2 35. Nf5 Bxf5 36. gxf5 Bd4 37. b3 Ke8 38. Kg3 Kd7 39. Kf4 Kc6 40. Ke4 Be5 41. Ne7+ Kd7 42. Nd5 h5 43. h4 Bb2 44. Nf4 Bc3 45. Nxh5 Be1 46. Nf6+ Ke7 47. Nd5+ Kf8 48. h5 Kg7 49. Nc7 Bxb4 50. Nxa6 Be1 51. Nc7 Kh6 52. Nxb5 Bb4 53. Nc7 Kxh5 54. Nd5 Bc5 55. b4 Ba7 56. b5 Kg5 57. b6 Bb8 58. Ne7 Kf6 59. Nc6 d5+ 60. Kxd5 Bh2 61. Ke4 Kg5 62. b7 Kf6 63. b8=Q Bxb8 64. Nxb8 1-0

[Event "Early-Titled-Tuesday-Blitz-May-07-2024"]
[Site "Chess.com"]
[Date "2024.05.07"]
[Round "7"]
[White "BogdanDeac"]
[Black "wonderfultime"]
[Result "1/2-1/2"]
[WhiteElo "3114"]
[BlackElo "3110"]
[TimeControl "180+1"]
[EndTime "9:23:02 PDT"]
[Termination "Game drawn by repetition"]

1. d4 d5 2. c4 c6 3. cxd5 cxd5 4. Nc3 Nf6 5. Bf4 Nc6 6. e3 a6 7. Bd3 Bg4 8. Nge2 e6 9. O-O Bd6 10. Qd2 Bxe2 11. Nxe2 Bxf4 12. Nxf4 O-O 13. Rfc1 Rc8 14. b4 Qd6 15. a3 Rc7 16. Rc2 Rfc8 17. Rac1 g6 18.
Ne2 e5 19. dxe5 Nxe5 20. Rxc7 Rxc7 21. Rxc7 Qxc7 22. Qc2 Qd6 23. Nd4 Nxd3 24. Qxd3 Nd7 25. Qc3 Nb6 26. h3 Nc4 27. a4 Qd7 28. Qc2 Qe7 29.
Qc3 Qe5 30. a5 Qe4 31. Nc2 h5 32. f3 Qe6 33. Kf2 Qc6 34. Nd4 Qa4 35. Ne2 Qa2 36. Qd4 Nd6 37. Qc5 Nb5 38. Qc8+ Kg7 39. Qc5 Qb2 40. Ke1 h4 41. Kf2 Qa2 42. Kf1 Qd2 43.
Kf2 Qd3 44. Nf4 Qd2+ 45. Kg1 Qe1+ 46. Kh2 Nc3 47. Qd4+ Kg8 48. Qd3 Qg3+ 49. Kh1 Qe1+ 50. Kh2 g5 51. Qf5 Qg3+ 52. Kh1 gxf4 53. Qc8+ Kh7 54.
Qxc3 fxe3 55. Qxe3 Qd6 56. Qd4 Qe7 57. Qxd5 Qe1+ 58.
Kh2 Qg3+ 59. Kh1 Qe1+ 60. Kh2 Qg3+ 61. Kh1 Qe1+ 1/2-1/2

[Event "Early-Titled-Tuesday-Blitz-May-07-2024"]
[Site "Chess.com"]
[Date "2024.05.07"]
[Round "7"]
[White "vaishali2001"]
[Black "Journey_to_GrandMaster_YT"]
[Result "1-0"]
[WhiteElo "2698"]
[BlackElo "2541"]
[TimeControl "180+1"]
[EndTime "9:23:02 PDT"]
[Termination "vaishali2001 won by resignation"]

1. e4 d6 2. Nf3 Nf6 3. Nc3 e5 4. d4 Nbd7 5. Bc4 Be7 6. O-O O-O 7. Re1 c6 8. a4 a5 9. Ba2 exd4 10. Nxd4 Nc5 11.
Bf4 Qb6 12. Rb1 Qb4 13. Be3 Be6 14. Nxe6 Nxe6 15. Bd2 Qb6 16. Qf3 Rad8 17. Be3 Qb4 18. Red1 Nc5 19. Rd4 Qb6 20. Rd2 Qb4 21. Rd4 Qb6 22.
h3 Nfd7 23. Qg3 Ne5 24. f4 Ng6 25. Kh1 Kh8 26. Qf3 Bf6 27. Rdd1 Qb4 28. Bxc5 Qxc5 29. Bb3 Bxc3 30. bxc3 Rd7 31. Rd3 f6 32. Rbd1 Rfd8 33.
Qg4 b5 34. h4 h5 35. Qxg6 bxa4 36. Bxa4 d5 37. exd5 Rxd5 38. Bb3 Rxd3 39. Rxd3 Rxd3 40. cxd3 Qb5 41. Qe8+ Kh7 42. Qg8+ Kh6 43. Bf7 Qf5 44.
Qh8+ Qh7 45. Qd8 Qf5 46. d4 a4 47. Qh8+ Qh7 48. Qxh7+ Kxh7 49. Bxh5 a3 50. Bf7 g5 51. hxg5 fxg5 52. fxg5 Kg7 53. Ba2 Kg6 54. Kh2 Kxg5 55. Kg3 Kf5 56. Kf3 Kg5 57. g4 Kg6 58. Kf4 Kf6 59. g5+ Kg6 60. Kg4 Kg7 61. Kf5 Kf8 62. Kf6 Ke8 63. g6 Kf8 64. g7+ Ke8 65. g8=Q+ 1-0

[Event "Early-Titled-Tuesday-Blitz-May-07-2024"]
[Site "Chess.com"]
[Date "2024.05.07"]
[Round "7"]
[White "H3nriqueTV"]
[Black "djano"]
[Result "1-0"]
[WhiteElo "2437"]
[BlackElo "2560"]
[TimeControl "180+1"]
[EndTime "9:23:02 PDT"]
[Termination "H3nriqueTV won on time"]

1. e4 e5 2. Nf3 d6 3. d4 exd4 4. Nxd4 Nf6 5. Nc3 Be7 6. Bc4 O-O 7. O-O c6 8. h3 Nbd7 9. Bb3 Nc5 10. Re1 a5 11. a4 Nxb3 12. Nxb3 Be6 13. Nd4 Nd7 14. Qf3 Bf6 15. Be3 Ne5 16. Qg3 Kh8 17. Nf5 Bxf5 18. exf5 Nc4 19. Rad1 d5 20. Bc5 Re8 21.
b3 Ne5 22. Ne4 Rb8 23. Nxf6 gxf6 24. Bd4 Rg8 25. Qf4 Nd7 26. Qd6 Ne5 27. Bxe5 fxe5 28. Qxe5+ f6 29. Qf4 Rg7 30. Re6 Qg8 31. g3 Rf8 32.
Rde1 Qf7 33. Qd6 Rfg8 34. Re7 Qf8 35. Qc7 Rxe7 36. Rxe7 Qh6 37. Kg2 d4 38. Qd7 c5 39.
Re8 Rxe8 40. Qxe8+ Kg7 41. Qe7+ Kg8 42. Qxc5 Qd2 43.
Qd5+ Kg7 44. Qe4 Qc3 45. Qd3 Qc6+ 46. Kh2 Qc5 47. h4 h5 48. Qe4 b6 49. Kg2 Kf8 50. g4 hxg4 51. Kg3 Qc3+ 52. Kxg4 Qd2 53. f3 Qg2+ 54.
Kh5 Qf2 55. Qa8+ Ke7 56. Qb7+ Kd6 57. Kg6 Qg3+ 58. Kxf6 Qxh4+ 59. Kg6 Qg3+ 60. Kf7 Ke5 61. Qc7+ Kxf5 62. Qxg3 1-0

[Event "Early-Titled-Tuesday-Blitz-May-07-2024"]
[Site "Chess.com"]
[Date "2024.05.07"]
[Round "7"]
[White "Bykov_Egor"]
[Black "Airquake"]
[Result "1-0"]
[WhiteElo "2638"]
[BlackElo "2803"]
[TimeControl "180+1"]
[EndTime "9:23:04 PDT"]
[Termination "Bykov_Egor won on time"]

1. Nf3 c5 2. e3 Nf6 3. d4 cxd4 4. exd4 e6 5. c4 d5 6. Nc3 Nc6 7. c5 Ne4 8. Bb5 Qa5 9. Qb3 Nxc3 10. bxc3 Bd7 11.
Bf4 f6 12. O-O b6 13. c4 dxc4 14. Bxc4 Qb4 15. Qd3 Na5 16. Bxe6 Bxe6 17. Qe4 Kf7 18. Qxa8 bxc5 19. Qxa7+ Be7 20. Rab1 Qa3 21. Rb7 cxd4 22. Rxe7+ Qxe7 23. Qxa5 Rd8 24. Re1 d3 25. Bd2 Qd7 26. Qb6 Rc8 27. Nd4 Bd5 28. Qb4 Qg4 29. f3 Bxf3 30.
Qe7+ Kg6 31. Nxf3 Rc2 32. Qe4+ Qxe4 33. Rxe4 Rxa2 34. Kf2 Kf5 35. Rd4 g5 36. g4+ Ke6 37. Rxd3 h5 38. h3 hxg4 39. hxg4 Ra4 40. Kg3 Ra2 41. Re3+ Kf7 42. Bc3 Kg6 43. Re6 Kh7 44. Rxf6 Ra3 45. Be5 Re3 46. Rf5 Kh6 47. Kf2 Rd3 48.
Nxg5 Ra3 49. Nf3 Kg6 50. Kg3 Ra2 51. Rf6+ Kh7 52. Kf4 Ra4+ 53. Kf5 Ra5 54. Ng5+ Kg8 55. Rd6 Ra8 56. Kg6 Re8 57. Bf6 Rf8 58. Rd8 Rxd8 59.
Bxd8 Kf8 60. Bf6 Kg8 61. Nf7 Kf8 62. Nh6 Ke8 63. Kg7 Kd7 64. g5 Kd6 65. g6 Kd5 66. Kf7 Ke4 67. g7 1-0

[Event "Early-Titled-Tuesday-Blitz-May-07-2024"]
[Site "Chess.com"]
[Date "2024.05.07"]
[Round "7"]
[White "ChEsper99"]
[Black "subham777"]
[Result "1-0"]
[WhiteElo "2293"]
[BlackElo "2471"]
[TimeControl "180+1"]
[EndTime "9:23:04 PDT"]
[Termination "ChEsper99 won by checkmate"]

1. Nf3 d5 2. g3 Nf6 3. Bg2 e6 4. O-O Be7 5. d4 O-O 6. c4 Ne4 7. Nc3 f5 8. Bf4 c6 9. cxd5 exd5 10. Ne5 Nd7 11. f3 Nxc3 12. bxc3 Nxe5 13. Bxe5 Be6 14. e4 dxe4 15. fxe4 fxe4 16. Bxe4 Rxf1+ 17. Qxf1 Bd5 18. Qd3 Bxe4 19. Qxe4 Bf6 20. Bxf6 Qxf6 21. Rf1 Qd6 22. Rf5 Rf8 23. Rxf8+ Qxf8 24. c4 Qf6 25. Qe8+ Qf8 26. Qe6+ Qf7 27. Qc8+ Qf8 28. Qxb7 Qa3 29. Qc8+ Kf7 30. Qd7+ Kf8 31. Qf5+ Kg8 32. Qe6+ Kf8 33. Qxc6 Qe3+ 34. Kg2 Qe2+ 35. Kh3 Qh5+ 36. Kg2 Qe2+ 37. Kg1 Qe3+ 38. Kf1 Qd3+ 39. Kf2 Qxd4+ 40. Kf3 Qd1+ 41. Kf4 Qd2+ 42. Ke5 Qe3+ 43. Kd5 Qf3+ 44. Kc5 Qe3+ 45. Kb5 g6 46. Qc5+ Qxc5+ 47. Kxc5 Ke7 48. Kd5 Kd7 49.
c5 Kc7 50. c6 a5 51. Kc5 g5 52. Kb5 a4 53. Kc5 a3 54. g4 h6 55. Kd5 Kc8 56.
Kd6 Kd8 57. c7+ Kc8 58. Kc6 h5 59. gxh5 g4 60. h6 g3 61. h7 gxh2 62. h8=Q# 1-0

[Event "Early-Titled-Tuesday-Blitz-May-07-2024"]
[Site "Chess.com"]
[Date "2024.05.07"]
[Round "7"]
[White "Tonychess32"]
[Black "littlepinkyboy"]
[Result "0-1"]
[WhiteElo "2495"]
[BlackElo "2660"]
[TimeControl "180+1"]
[EndTime "9:23:05 PDT"]
[Termination "littlepinkyboy won on time"]

1. e4 c5 2. Nf3 e6 3. c3 Nc6 4. d4 cxd4 5. cxd4 d5 6. e5 Nge7 7. Bd3 Nf5 8. Bxf5 exf5 9. O-O Be7 10. Nc3 O-O 11. Qb3 Be6 12. Qxb7 Nb4 13. Qb5 g5 14. a3 Nc2 15. Rb1 g4 16. Qd3 gxf3 17. Qxc2 fxg2 18. Kxg2 f6 19. Bh6 Rf7 20. Rbe1 fxe5 21.
Rxe5 Rf6 22. Qe2 Qe8 23. Bf4 Bd6 24. Re1 Bxe5 25. Qxe5 Rg6+ 26. Kh1 Qf7 27. Ne2 Re8 28. Qc7 Qxc7 29. Bxc7 Rc8 30. Be5 Bf7 31. Nf4 Rg4 32.
h3 Rg5 33. Re2 Rc1+ 34. Kh2 Kf8 35. h4 Rg8 36. Bd6+ Kg7 37. Be5+ Kh6 38. Bf6 Rg4 39. Bg5+ Kg7 40. Re7 h6 41. Nh5+ Kg6 42. Nf4+ Kg7 43. Nxd5 hxg5 44. hxg5 Rh4+ 45. Kg3 Rg4+ 46. Kf3 Rxg5 47.
Ne3 Kf6 48. Rd7 Bh5+ 49. Kf4 Rg8 50. Rd6+ Kf7 51. Nxf5 Rg4+ 52. Ke5 Re1+ 53. Kd5 Rg5 54. Rd7+ Kf6 55. Kd6 Rxf5 56. Rxa7 Re6+ 57. Kd7 Rd5+ 58.
Kc8 Re8+ 59. Kc7 Re7+ 0-1

[Event "Early-Titled-Tuesday-Blitz-May-07-2024"]
[Site "Chess.com"]
[Date "2024.05.07"]
[Round "7"]
[White "GrotBchess"]
[Black "only_strong_moves"]
[Result "1-0"]
[WhiteElo "2508"]
[BlackElo "2701"]
[TimeControl "180+1"]
[EndTime "9:23:06 PDT"]
[Termination "GrotBchess won by checkmate"]

1. e4 e5 2. Nf3 Nc6 3. Bb5 a6 4. Ba4 Nge7 5. O-O Ng6 6. c3 d5 7. exd5 Qxd5 8. Re1 Bg4 9. h3 Bxf3 10. Qxf3 Qxf3 11.
gxf3 b5 12. Bc2 O-O-O 13. a4 b4 14. Be4 Na5 15. Bc2 f6 16. Re4 b3 17. Bd1 f5 18.
Re1 Bc5 19. Be2 Kb7 20. d3 Rhe8 21. Be3 Bf8 22. Bc1 h6 23. Bf1 Nh4 24. Be2 g5 25.
Nd2 Bc5 26. Nf1 Bf8 27. Be3 c5 28. Rad1 Rd7 29. Bc1 Red8 30. Ne3 Bg7 31. Nc4 Nxc4 32.
dxc4 e4 33. fxe4 fxe4 34. Rxd7+ Rxd7 35. Bg4 Nf3+ 36. Bxf3 exf3 37. Be3 Kb6 38. Ra1 Ka5 39. Kf1 Rf7 40. Bxc5 h5 41. Ra3 Rb7 42. Bb4+ Kb6 43. Rxb3 Kc6 44. Ra3 a5 45. Bxa5 Rxb2 46. Ra1 Bf8 47. Bb4 Bg7 48. a5 Kb7 49. a6+ Ka8 50.
a7 g4 51. Bc5 gxh3 52. Kg1 Be5 53. Bd4 h2+ 54. Kh1 Bc7 55. Re1 Re2 56. Rd1 Kb7 57.
Bc5 Re5 58. Rb1+ Ka8 59. Bd4 Re6 60. Rd1 Rc6 61. Rb1 Rxc4 62. Re1 Rc6 63. Re8+ Kb7 64. a8=Q# 1-0

[Event "Early-Titled-Tuesday-Blitz-May-07-2024"]
[Site "Chess.com"]
[Date "2024.05.07"]
[Round "7"]
[White "UK_23"]
[Black "Aklan10n"]
[Result "0-1"]
[WhiteElo "2429"]
[BlackElo "2236"]
[TimeControl "180+1"]
[EndTime "9:23:07 PDT"]
[Termination "Aklan10n won by resignation"]

1. e4 c5 2. Nf3 e6 3. d4 cxd4 4. Nxd4 Nc6 5. Nc3 Qc7 6. a3 Be7 7. Be3 a6 8. Qe2 b5 9. f4 d6 10. Nxc6 Qxc6 11. g3 h5 12. Bg2 h4 13. O-O-O h3 14.
Bf3 Bb7 15. Rhf1 Rc8 16. Kb1 Qc4 17. Qd2 b4 18. axb4 Qxb4 19. Bd4 Nf6 20. e5 dxe5 21.
Bxb7 Qxb7 22. fxe5 Ne4 23. Nxe4 Qxe4 24. Rf4 Qg2 25. Rf2 Qe4 26. Bc3 O-O 27. Rdf1 Qg6 28.
Qe2 Rc6 29. Rf4 Rb8 30. R1f3 Bf8 31. Kc1 a5 32. Rxf7 Rd8 33. R7f4 Rdc8 34. Rd4 Bb4 35. Rdd3 Bc5 36. Qf1 Rf8 37. Rxf8+ Bxf8 38. Qxh3 a4 39. Qf1 a3 40. bxa3 Qg4 41. Qf4 Bxa3+ 42. Bb2 Bxb2+ 43.
Kxb2 Qe2 44. Rd8+ Kh7 45. Qh4+ Kg6 46. Qd4 Qxc2+ 47. Ka3 Ra6+ 48. Kb4 Ra4+ 49. Kb5 Qb3+ 50.
Kc6 Rc4+ 51. Qxc4 Qxc4+ 52. Kd7 Qd5+ 53. Ke7 Qxe5 54. Rd6 Qf6+ 55. Kd7 Kf5 56. Kc6 g6 57. Kc5 Qc3+ 58. Kb6 e5 59. Rc6 Qd4+ 60. Kb5 Kg4 61.
Rc4 Kf3 62. Rxd4 exd4 63. Kc4 Ke3 64. h4 d3 65. g4 d2 66. h5 gxh5 0-1

[Event "Early-Titled-Tuesday-Blitz-May-07-2024"]
[Site "Chess.com"]
[Date "2024.05.07"]
[Round "7"]
[White "DeArron_Fox"]
[Black "RodTwinkz"]
[Result "1-0"]
[WhiteElo "2534"]
[BlackElo "2666"]
[TimeControl "180+1"]
[EndTime "9:23:11 PDT"]
[Termination "DeArron_Fox won by resignation"]

1. d4 Nf6 2. c4 g6 3. Nc3 Bg7 4. e4 O-O 5. f3 c5 6. Nge2 Nc6 7. Be3 cxd4 8. Nxd4 e6 9. Nxc6 dxc6 10.
Qxd8 Rxd8 11. e5 Nd7 12. f4 f6 13. exf6 Nxf6 14. Be2 e5 15. fxe5 Ng4 16. Bxg4 Bxg4 17. Bf4 Rd4 18. Bg3 Bxe5 19. Bxe5 Re8 20. O-O Rxe5 21. h3 Bf5 22. b3 Re3 23. Rad1 c5 24. Rxd4 cxd4 25. Nd5 Re2 26. Rf2 Re1+ 27. Kh2 d3 28.
Nf4 h5 29. Rd2 Re4 30. Nd5 Re2 31. Rd1 h4 32. Kg1 Be4 33. Nf6+ Kg7 34. Nxe4 Rxe4 35. Rxd3 Re2 36. Rd7+ Kh6 37. Rxb7 Rxa2 38. Rb5 a5 39. c5 a4 40. bxa4 Rxa4 41. c6 Rc4 42. Rb6 Kg5 43. Kf2 Kf4 44. Ke2 g5 45. Kd3 Rc1 46.
Rb4+ Ke5 47. Rc4 Rd1+ 48. Ke2 Rd8 49. c7 Rc8 50. Kf3 Kf5 51. Rc5+ Kf6 52. Kg4 Ke6 53. Kxg5 Kd6 54. Rc2 Kd7 55. Kxh4 Rh8+ 56. Kg3 Kc8 57. h4 Rg8+ 58. Kh3 Rh8 59. g4 Re8 60. h5 Re3+ 61.
Kh4 Re1 62. Kg5 Re5+ 63. Kf4 Re7 64. h6 Rf7+ 65. Kg5 Rd7 66. Kh5 Rd1 67. g5 Rh1+ 68. Kg6 Rh2 69. Rxh2 1-0

[Event "Early-Titled-Tuesday-Blitz-May-07-2024"]
[Site "Chess.com"]
[Date "2024.05.07"]
[Round "7"]
[White "Shuvalov"]
[Black "Slovineanu"]
[Result "0-1"]
[WhiteElo "2564"]
[BlackElo "2466"]
[TimeControl "180+1"]
[EndTime "9:23:11 PDT"]
[Termination "Slovineanu won on time"]

1. d4 Nf6 2. c4 e6 3. Nf3 d5 4.
Nc3 c5 5. cxd5 Nxd5 6. e4 Nxc3 7. bxc3 cxd4 8. cxd4 Bb4+ 9. Bd2 Bxd2+ 10. Qxd2 O-O 11. h4 b6 12. h5 h6 13. Rd1 Bb7 14. Bd3 Nc6 15.
Bb1 Rc8 16. O-O Qd6 17. Rfe1 Qb4 18. Qf4 Rfd8 19. Qe3 Na5 20. d5 Rc3 21. dxe6 Rxd1 22. exf7+ Kf8 23. Qd2 Rxe1+ 24. Qxe1 Qc5 25. Kh2 Qxh5+ 26.
Kg1 Qc5 27. Kh2 Rc1 28. Qd2 Qh5+ 29. Kg3 Qg6+ 30. Kh2 Qh5+ 31. Kg3 Qg6+ 32. Kh2 Rc8 33. Qd7 Qxf7 34. Qd6+ Qe7 35. Qg6 Qc7+ 36. e5 Qf7 37.
Qh7 Bxf3 38. gxf3 Qf4+ 39. Kg2 Qxe5 40. Qh8+ Kf7 41. Qxc8 Qg5+ 42. Kh2 Qh5+ 43. Kg2 Qg5+ 44. Kh2 Qe5+ 45. Kg2 Qe6 46. Qc7+ Qe7 47. Qf4+ Kg8 48. Qf5 Qg5+ 49. Qxg5 hxg5 50. Kg3 Kf7 51. Kg4 Kf6 52. f4 gxf4 53. Kxf4 g5+ 54. Ke4 Nc4 55. Kd4 Ne5 56. Be4 g4 57. Kd5 Ng6 58. Kc6 Nf4 59. Kb7 Ke5 60.
Bc6 Nd3 61. Kxa7 Nxf2 62. Kxb6 Ne4 63. a4 g3 0-1